AoeStats
← Sparten gio

QS Arena

503606561Analyzed
1v1 RM · 1mo ago on Sep 1, 2026· 54m 45s· 2 players
Game mode
Random Map
Map size
Tiny (2 player)
Population
200
Speed
Normal
Resources
Standard
Victory
Conquest
Starting age
Dark Age
Ending age
Imperial Age
RankedLock teamsTeams togetherTeam positionsShared explorationLock speedFull tech treeHidden civsTurbo modeCheats
Victory
Defeat
🇨🇳 Vietnamese · China
895
+17
🇺🇸 Khmer · United States
906
-17
LunaFlick
8:12 Feudal Age
9:32 Double-Bit Axe
12:23 Horse Collar
15:51 Castle Age
14:17 Gold Mining
15:50 Stone Mining
18:43 Bow Saw
20:19 Heavy Plow
24:44 Wheelbarrow
24:41 Town Watch
25:33 Bloodlines
25:44 Padded Archer Armor
25:50 Scale Barding Armor
25:49 Husbandry
26:40 Pikeman
29:28 Squires
32:42 Imperial Age
32:48 Imperial Age
30:45 Town Patrol
30:49 Light Cavalry
32:42 Scale Mail Armor
33:00 Leather Archer Armor
32:52 Halberdier
34:18 Elite Skirmisher
37:32 Chemistry
36:25 Guard Tower
38:09 Crop Rotation
39:05 Chain Mail Armor
39:21 Ring Archer Armor
40:55 Hand Cart
42:00 Chain Barding Armor
41:32 Elite Rattan Archer
45:15 Imperial Skirmisher
49:15 Fletching
50:01 Plate Barding Armor
48:56 Cavalier
51:04 Paper Money
53:46 Bombard Tower
Sparten gio
8:17 Feudal Age
8:45 Loom
9:27 Double-Bit Axe
9:57 Horse Collar
13:02 Town Watch
15:22 Castle Age
14:57 Forging
14:38 Fletching
16:22 Husbandry
20:08 Town Watch
26:03 Bow Saw
27:58 Bloodlines
29:27 Fervor
31:07 Bodkin Arrow
31:22 Scale Barding Armor
31:53 Iron Casting
35:14 Imperial Age
33:45 Tusk Swords
36:09 Double Crossbow
39:48 Bracer
43:00 Heavy Scorpion
49:00 Light Cavalry
50:18 Conscription
Connection lost

Rejoining the realm…

Still unreachable

The connection could not be restored.

Session expired

The server has moved on; the page needs a fresh start.